 Dungeon Crawl Stone Soup version 0.23.1-37-gaa34b87b72 (webtiles) character file.

Game seed: 8577912751011472743

925 PentaManta the Covert (level 7, -3/33 HPs)
             Began as a Spriggan Assassin on Mar 25, 2019.
             Killed by nerve-wracking pain
             ... invoked by a shadow imp
              (12 damage)
             ... on level 5 of the Dungeon.
             The game lasted 00:16:10 (6225 turns).

PentaManta the Covert (Spriggan Assassin)           Turns: 6225, Time: 00:16:11

Health: -3/33      AC:  3    Str:  7    XL:     7   Next: 84%
Magic:  8/8        EV: 28    Int: 12    God:
Gold:   237        SH:  0    Dex: 25    Spells: 6/6 levels left

rFire    . . .     SeeInvis +   i - +4 dagger
rCold    . . .     Gourm    .   (shield restricted)
rNeg     . . .     Faith    .   c - +0 robe
rPois    .         Spirit   .   (helmet restricted)
rElec    .         Reflect  .   d - +0 cloak
rCorr    .         Harm     .   (gloves unavailable)
MR       +....                  (boots unavailable)
Stlth    +++++.....             (no amulet)
HPRegen  0.11/turn              (no ring)
MPRegen  0.11/turn              r - +5 ring of dexterity

@: very quick
A: very small, unfitting armour, see invisible, herbivore, speed 3, slow
metabolism 2
a: no special abilities


You were on level 5 of the Dungeon.
You were not hungry.

You visited 1 branch of the dungeon, and saw 5 of its levels.

You collected 237 gold pieces.

Inventory:

Hand Weapons
 b - a +0 blowgun
 i - a +4 dagger (weapon)
Missiles
 e - 39 poisoned needles
 f - 2 curare-tipped needles
Armour
 c - a +0 robe (worn)
 d - a +0 cloak (worn)
Jewellery
 q - an uncursed ring of ice
 r - a +5 ring of dexterity (right hand)
 y - an uncursed ring of positive energy {unknown}
Scrolls
 a - 5 scrolls of teleportation {unknown}
 h - 7 scrolls of identify {unknown}
 k - a scroll of blinking {unknown}
 l - 2 scrolls of amnesia {unknown}
 o - 3 scrolls of enchant armour {unknown}
 t - a scroll of remove curse {unknown}
 x - a scroll of fog {unknown}
 A - 2 scrolls of fear {unknown}
Potions
 j - 2 potions of heal wounds {unknown}
 m - a potion of curing
 n - a potion of lignification
 p - a potion of brilliance {unknown}
 s - a potion of might
 u - a potion of flight {unknown}
 w - a potion of haste {unknown}
 z - a potion of cancellation {unknown}
Comestibles
 g - 8 rations


   Skills:
 - Level 1.5 Fighting
 + Level 5.3 Short Blades
 - Level 2.0 Throwing
 * Level 8.9 Dodging
 + Level 9.4 Stealth


You had 6 spell levels left.
You didn't know any spells.
Your spell library was empty.

Dungeon Overview and Level Annotations

Branches:
Dungeon (5/15)
 Temple: D:4-7

Altars:
Ashenzari
Cheibriados
Dithmenos
Elyvilon
The Shining One

Shops:
D:4 [

Annotations:
D:3 Pikel


Innate Abilities, Weirdness & Mutations

You are very small and have problems with some larger weapons.
You are too small for most types of armour.
You have supernaturally acute eyesight. (SInv)
You are a herbivore.
You cover ground extremely quickly.
You need to consume almost no food.


Message History

The shadow imp is lightly wounded.
The shadow imp misses you.
You hit the shadow imp.
The shadow imp is heavily wounded.
The shadow imp barely misses you.
You barely miss the shadow imp.
The shadow imp is heavily wounded.
The shadow imp hits you.
You hit the shadow imp but do no damage.
The shadow imp is heavily wounded.
You hit the shadow imp but do no damage.
The shadow imp is heavily wounded.
The shadow imp hits you.
* * * LOW HITPOINT WARNING * * *
You barely miss the shadow imp.
The shadow imp is moderately wounded.
The crimson imp blinks!
The shadow imp gestures at you. Pain shoots through your body!
You die...

#.......# #....... ...#
..#.......########....
#.#...........##.....
#..............#.#..
#...#.<##.........
#................ #.
#....ยง@5......).# #.
##>..............######.
#.......................
#.........5.......#####.
.^.........##..##.# #.
...........##..##.#####.
..#####...##............
...##
#....#.#....#........
..#
#..####....######.....


You could see a crimson imp and a shadow imp.

Vanquished Creatures
  Menkaure (D:4)
  Duvessa (D:5)
  3 slaves (D:3)
  An ogre (D:4)
  2 scorpions
  Dowan (D:5)
  A crimson imp (D:5)
  2 bullfrog skeletons
  2 orc wizards (D:5)
  4 worker ants
  A hound skeleton (D:5)
  4 gnolls
  7 adders
  A shadow imp (D:5)
  An ooze (D:4)
  An adder zombie (D:5)
  2 worms
  A dart slug (D:1)
  2 leopard geckos
  17 orcs
  2 ball pythons
  8 giant cockroaches
  5 goblins
  7 hobgoblins
  8 jackals
  6 kobolds
  A quokka (D:5)
  A ball python skeleton (D:5)
  3 bats
  4 frilled lizards
  11 rats
  2 toadstools (D:1)
113 creatures vanquished.

Vanquished Creatures (others)
  2 toadstools (D:1)
2 creatures vanquished.

Grand Total: 115 creatures vanquished

Notes
Turn   | Place    | Note
-------+----------+-------------------------------------------
     0 | D:1      | PentaManta the Spriggan Assassin began the quest for the
                  | Orb.
     0 | D:1      | Reached XP level 1. HP: 10/10 MP: 2/2
    75 | D:1      | Reached skill level 6 in Stealth
   118 | D:1      | Reached XP level 2. HP: 10/14 MP: 3/3
   822 | D:2      | Reached XP level 3. HP: 18/18 MP: 4/4
   850 | D:2      | Found a faded altar of an unknown god.
  1457 | D:3      | Reached XP level 4. HP: 17/22 MP: 5/5
  1461 | D:3      | Reached skill level 7 in Stealth
  2111 | D:3      | Found a glowing golden altar of the Shining One.
  2309 | D:3      | Found a shadowy altar of Dithmenos.
  2735 | D:3      | Found a snail-covered altar of Cheibriados.
  2735 | D:3      | Found a shattered altar of Ashenzari.
  2735 | D:3      | Found a white marble altar of Elyvilon.
  2812 | D:4      | Reached XP level 5. HP: 25/25 MP: 6/6
  2833 | D:4      | Noticed an ogre
  2855 | D:4      | Killed an ogre
  2855 | D:4      | Reached skill level 5 in Dodging
  3345 | D:4      | Noticed Menkaure
  3349 | D:4      | Killed Menkaure
  3349 | D:4      | Reached skill level 8 in Stealth
  3349 | D:4      | Reached XP level 6. HP: 30/30 MP: 7/7
  3374 | D:4      | Noticed a slave
  3374 | D:4      | Noticed a slave
  3374 | D:4      | Noticed a slave
  3375 | D:4      | Noticed Pikel
  3375 | D:4      | Noticed a slave
  3725 | D:3      | Killed a slave
  3940 | D:3      | Killed a slave
  4161 | D:3      | Killed a slave
  4849 | D:4      | Found Casaonk's Antique Armour Shoppe.
  5047 | D:4      | Found a glowing golden altar of the Shining One.
  5468 | D:4      | Reached XP level 7. HP: 33/33 MP: 8/8
  5486 | D:5      | Entered Level 5 of the Dungeon
  5490 | D:5      | Noticed Dowan
  5491 | D:5      | Noticed Duvessa
  5537 | D:5      | Killed Dowan
  5828 | D:5      | Reached skill level 9 in Stealth
  5879 | D:5      | Reached skill level 5 in Short Blades
  6093 | D:5      | Killed Duvessa
  6225 | D:5      | Killed from afar by a shadow imp

Skill      XL: |  1  2  3  4  5  6  7 |
---------------+----------------------+-----
Stealth        | 6 7 8 9 |  9.4
Dodging        | 2 3 4 6 7 8 |  8.9
Short Blades   | 3 4 5 |  5.3
Fighting       | |  1.5
Throwing       | |  2.0

Action                   |  1- 3 |  4- 6 |  7- 9 || total
-------------------------+-------+-------+-------++-------
Melee: Dagger            |   121 |   284 |   151 ||   556
 Fire: Blowgun           |       |       |    19 ||    19
Throw: Throwing net      |       |     2 |     4 ||     6
  Use: Potion            |       |     2 |       ||     2
 Stab: Sleeping          |    14 |     6 |     2 ||    22
       Distracted        |       |     1 |     1 ||     2
       Held in net/web   |       |     1 |     1 ||     2
  Eat: Ration            |       |     1 |     1 ||     2
Armor: Robe              |     7 |    11 |     7 ||    25
       Skin              |       |     6 |       ||     6
Dodge: Dodged            |    66 |   166 |   144 ||   376
